 Dungeon Crawl Stone Soup version 0.21-a0-135-g8dc100c (webtiles) character file.

484 Kurtz the Cudgeler (level 6, -1/47 HPs)
             Began as a Mummy Abyssal Knight on July 17, 2017.
             Was a Follower of Lugonu.
             Slain by a hippogriff (4 damage)
             ... on level 2 of the Dungeon.
             The game lasted 00:05:31 (12210 turns).

Kurtz the Cudgeler (Mummy Abyssal Knight)          Turns: 12210, Time: 00:05:32

Health: -1/47      AC:  7    Str: 17    XL:     6   Next: 88%
Magic:  0/7        EV: 12    Int: 11    God:    Lugonu [*.....]
Gold:   171        SH:  0    Dex: 12    Spells: 5/5 levels left

rFire    x . .     SeeInvis .   o - +0 flail (drain)
rCold    + . .     Gourm    .   (no shield)
rNeg     + + +     Faith    .   d - +2 leather armour {MR+}
rPois    ∞         Spirit   +   (no helmet)
rElec    .         Reflect  .   (no cloak)
rCorr    .         Harm     .   t - +1 pair of gloves
MR       +....                  (no boots)
Stlth    +.........             e - amulet of guardian spirit
HPRegen  0.15/turn              (no ring)
MPRegen  0.10/turn              (no ring)

@: no status effects
A: no food or potions, fire vulnerability, cold resistance 1, negative energy
resistance 3, torment resistance, unbreathing
a: Depart the Abyss, Renounce Religion


You were on level 2 of the Dungeon.
You worshipped Lugonu.
Lugonu was aware of your devotion.
You were not hungry.

You visited 1 branch of the dungeon, and saw 5 of its levels.
You visited the Abyss 1 time.

You collected 171 gold pieces.

Inventory:

Hand Weapons
 a - a +1 mace
 m - a +0 flail
 o - a +0 flail of draining (weapon)
Missiles
 k - 5 curare-tipped needles
 l - 4 javelins (quivered)
 r - 4 tomahawks
Armour
 b - a +0 leather armour
 d - a +2 leather armour of magic resistance (worn)
 t - a +1 pair of gloves (worn)
Jewellery
 e - an amulet of guardian spirit (around neck)
Scrolls
 c - 5 scrolls of identify {unknown}
 f - 3 scrolls of immolation {unknown}
 g - 8 scrolls of teleportation {unknown}
 h - a scroll of random uselessness {unknown}
 i - a scroll of remove curse {unknown}
 j - a scroll of enchant armour {unknown}
 n - 2 scrolls of blinking {unknown}
 p - a scroll of amnesia {unknown}
 q - a scroll of fear {unknown}
 s - 2 scrolls of fog {unknown}
 u - a scroll of enchant weapon {unknown}
Books
 v - a book of Misfortune

   Spells                             Type                      Level
   a - Confusing Touch                Hexes                        1
   b - Confuse                        Hexes                        3
   c - Gell's Gravitas                Translocation                3
   d - Petrify                        Transmutation/Earth          4
   e - Metabolic Englaciation         Hexes/Ice                    5
   f - Yara's Violent Unravelling     Hexes/Transmutation          5


   Skills:
 - Level 3.0 Fighting
 * Level 5.6 Maces & Flails
 - Level 1.5 Armour
 * Level 2.5 Dodging
 - Level 1.5 Invocations


You had 5 spell levels left.
You didn't know any spells.

Dungeon Overview and Level Annotations

Branches:
Dungeon (5/15)             Temple (0/1) D:5

Altars:
Ashenzari

Shops:
D:4 %


Innate Abilities, Weirdness & Mutations

You do not eat or drink.
Your flesh is vulnerable to fire.
You are immune to poison.
Your flesh is cold resistant. (rC+)
You are immune to negative energy. (rN+++)
You are immune to unholy pain and torment.
You can survive without breathing.


Message History

The hippogriff is heavily wounded.
The hippogriff barely misses you. The hippogriff closely misses you.
The hippogriff claws you.
You barely miss the hippogriff.
The hippogriff is heavily wounded.
The hippogriff bites you!
* * * LOW HITPOINT WARNING * * *
The hippogriff misses you. The hippogriff claws you.
* * * LOW HITPOINT WARNING * * *
Unknown command.
You hit the hippogriff but do no damage.
You drain the hippogriff!
The hippogriff is heavily wounded.
The hippogriff closely misses you. The hippogriff misses you.
The hippogriff closely misses you.
Unknown command.
You barely miss the hippogriff.
The hippogriff is heavily wounded.
The hippogriff barely misses you. The hippogriff pecks you.
You die...

#....#
#.###...........###.#
#....#
#.###..#.######.# #.#
#....# #........# ###
#.# #....## #........#
#.# #.....# #........#
#.# ##....# #........#
#.# ......# #........#
#.# ......# #........#
#.# ......#
#.......@##########.#
###.#.#
#.....!H............#
#.#.#
#.######.############
#.#.# ########.#####
#.#.# #...##......#
#.#.####...##..###.#
#.#.#............#.#
#.#.#.#######....#.#
###.#.........#.#..#.#


You could see a hippogriff.

Vanquished Creatures
  An ice beast (D:4)
  An ogre (D:5)
  2 crimson imps (D:5)
  A quasit (D:5)
  An iguana (D:5)
  An orc wizard (D:3)
  A worker ant zombie (D:5)
  5 adders
  A shadow imp (D:5)
  An ooze (D:5)
  An adder zombie (D:5)
  A worm (D:5)
  4 leopard geckos
  13 orcs
  3 giant cockroaches
  3 goblins (D:1)
  3 hobgoblins (D:1)
  4 jackals
  5 kobolds
  A quokka (D:4)
  2 ball pythons (D:1)
  6 bats
  13 frilled lizards
  12 rats
  A plant (D:5)
87 creatures vanquished.

Notes
Turn   | Place    | Note
-------+----------+-------------------------------------------
     0 | Abyss:1  | Kurtz the Mummy Abyssal Knight began the quest for the Orb.
     0 | Abyss:1  | Reached XP level 1. HP: 18/18 MP: 2/2
    41 | Abyss:2  | Noticed a large abomination
   131 | Abyss:3  | Noticed a sixfirhy
   133 | D:1      | Escaped the Abyss
   216 | D:1      | Reached skill level 2 in Maces & Flails
   450 | D:1      | Reached XP level 2. HP: 24/24 MP: 0/3
   451 | D:1      | Reached * piety under Lugonu
  1203 | D:2      | Reached XP level 3. HP: 25/29 MP: 2/4
  1742 | D:2      | Reached skill level 3 in Maces & Flails
  1848 | D:3      | Found a faded altar of an unknown god.
  2035 | D:3      | Reached skill level 1 in Dodging
  2066 | D:3      | Found a shattered altar of Ashenzari.
  2515 | D:4      | Reached XP level 4. HP: 35/35 MP: 5/5
  2522 | D:4      | Noticed an ogre
  2976 | D:4      | Found Uxtusm's Food Boutique.
  3192 | D:4      | Noticed an ice beast
  3200 | D:4      | Killed an ice beast
  3200 | D:4      | Reached skill level 4 in Maces & Flails
  3200 | D:4      | Reached XP level 5. HP: 29/41 MP: 4/6
  8691 | D:1      | Noticed a yaktaur captain
  8751 | D:5      | Entered Level 5 of the Dungeon
  8843 | D:5      | Reached XP level 6. HP: 38/47 MP: 4/7
  8873 | D:5      | Reached skill level 5 in Maces & Flails
  9741 | D:5      | Found a staircase to the Ecumenical Temple.
 11778 | D:1      | Noticed a yaktaur
 11784 | D:1      | Noticed a yaktaur
 11784 | D:1      | Noticed a yaktaur
 12034 | D:1      | Noticed a shadow
 12193 | D:1      | Noticed a hippogriff
 12210 | D:2      | Slain by a hippogriff

Vault maps used:
D:1:      lemuel_arrival_tunnels
D:2:      first_bread
D:3:      serial_glass, glass_columns_a, glass_columns_b, feat_on_display,
          due_unseen_surprise, chequers_ecumenical_altar_island,
          ashenzari_altar_1
D:4:      serial_shops, kennysheep_little_box, kennysheep_pointless_box,
          minivault_27
D:5:      minmay_temple_entry_nine_rooms, minmay_lizard_king
Abyss:3:  evilmike_abyss_exit_9, hangedman_abyss_stitches_cave,
          doesnt_abyss_rune_brain_food

Skill      XL: |  1  2  3  4  5  6 |
---------------+-------------------+-----
Maces & Flails | 2 3 4 5 |  5.6
Dodging        | 1 2 |  2.5
Fighting       | |  3.0
Armour         | |  1.5
Invocations    | |  1.5

Action                   |  1- 3 |  4- 6 || total
-------------------------+-------+-------++-------
Melee: Mace              |   154 |       ||   154
       Flail             |     3 |   218 ||   221
Invok: Depart the Abyss  |     1 |       ||     1
Armor: Leather armour    |    65 |    63 ||   128
Dodge: Dodged            |   113 |   136 ||   249
